 Dungeon Crawl Stone Soup version 0.27-a0-93-g19769c27d7 (webtiles) character file.

Game seed: 9465089363681866547

66 dickylongcocking the Grave Robber (level 3, 0/24 HPs)
             Began as a Mummy Necromancer on Jan 16, 2021.
             Hit by a goblin thrown by Robin (1 damage)
             ... on level 2 of the Dungeon.
             The game lasted 00:01:30 (1495 turns).

dickylongcocking the Grave Robber (MuNe)            Turns: 1495, Time: 00:01:30

Health: 0/24       AC:  2    Str: 11    XL:     3   Next: 96%
Magic:  1/8        EV: 12    Int: 15    God:
Gold:   67         SH:  0    Dex: 12    Spells: 9/10 levels left

rFire    x . .     SeeInvis .   d - +0 mace
rCold    + . .     Faith    .   (no shield)
rNeg     + + +     Spirit   .   a - +0 robe
rPois    ∞         Reflect  .   (no helmet)
rElec    .         Harm     .   (no cloak)
rCorr    .         Rampage  .   (no gloves)
Will     .....                  (no boots)
Stlth    ++........             (no amulet)
HPRegen  0.08/turn              (no ring)
MPRegen  0.11/turn              (no ring)

@: no status effects
A: no potions, fire vulnerability, cold resistance 1, negative energy resistance
3, torment resistance, unbreathing
a: no special abilities


You were on level 2 of the Dungeon.
You visited 1 branch of the dungeon, and saw 2 of its levels.

You collected 67 gold pieces.

Inventory:

Hand Weapons
 b - a +0 whip
 d - a +0 mace (weapon)
Armour
 a - a +0 robe (worn)
Jewellery
 c - an uncursed ring of resist corrosion {unknown}
Scrolls
 e - 3 scrolls of identify {unknown}
 f - a scroll of fear {unknown}
 g - a scroll of immolation {unknown}
 h - 2 scrolls of teleportation {unknown}
 i - a scroll of noise {unknown}
 j - a scroll of random uselessness {unknown}
 k - a scroll of remove curse {unknown}


   Skills:
 - Level 1.5 Dodging
 - Level 1.5 Stealth
 * Level 4.1 Spellcasting
 * Level 4.9 Necromancy


You had 9 spell levels left.
You knew the following spells:

 Your Spells              Type           Power        Failure   Level
a - Pain                  Necr           68%          2%          1

Your spell library contained the following spells:

 Spells                   Type           Power        Failure   Level
 Animate Skeleton         Necr           34%          2%          1
 Vampiric Draining        Necr           8%           7%          3
 Animate Dead             Necr           8%           24%         4
 Agony                    Necr           17%          54%         5


Dungeon Overview and Level Annotations

Branches:
Dungeon (2/15)

Altars:

Annotations:
D:2 Robin


Innate Abilities, Weirdness & Mutations

You do not drink.
Your flesh is vulnerable to fire.
You are immune to poison.
Your flesh is cold resistant. (rC+)
You are immune to negative energy. (rN+++)
You are immune to unholy pain and torment.
You can survive without breathing.


Message History

a +0 club; a +0 hunting sling; 15 stones The goblin closely misses you.
Robin throws the goblin at you!
* * * LOW HITPOINT WARNING * * *
Unknown command.
The goblin no longer looks unusually strong.
The goblin hits you but does no damage.
Unknown command.
The goblin unwields a +0 dagger.
The goblin wields a +0 hunting sling.
The goblin shoots a stone.
The stone barely misses you.
Robin roars a battlecry!
The goblin goes into a battle-frenzy!
You hear a shout!
Unknown command.
The goblin shoots a stone.
The stone closely misses you.
Unknown command.
The goblin shoots a stone.
The stone hits you but does no damage.
You see here a stone.
Unknown command.
Robin throws the goblin at you!
You die...

############### #....(.(......#
#### #.............# #...
#....(........######### #...
#....g@g...............
##...######..!...................
.....l)l.)gg.....................
##..)######......................
#... ######.################
...$. #########.################
.g.g. .............!............
..... ####...#.###.......######
.g.g. #####...#.# #.......#


You could see Robin, a hobgoblin (strong) and 2 goblins.

Vanquished Creatures
  3 adders (D:2)
  A worm (D:2)
  A leopard gecko (D:1)
  5 bats
  3 giant cockroaches (D:1)
  8 goblins
  3 hobgoblins
  2 kobolds
  4 frilled lizards
  3 rats
33 creatures vanquished.

Notes
Turn   | Place    | Note
-------+----------+-------------------------------------------
     0 | D:1      | dickylongcocking the Mummy Necromancer began the quest for
                  | the Orb.
     0 | D:1      | Reached XP level 1. HP: 13/13 MP: 4/4
   341 | D:1      | Reached XP level 2. HP: 19/19 MP: 4/6
   981 | D:2      | Reached XP level 3. HP: 24/24 MP: 6/8
  1018 | D:2      | Found a faded altar of an unknown god.
  1468 | D:2      | Noticed Robin
  1490 | D:2      | HP: 1/24 [Robin/goblin (1)]
  1495 | D:2      | Hit by a goblin thrown by Robin

Illustrated notes

Levels and vault maps discovered:
D:1:      matt_arrival_refuge, layout_basic
D:2:      layout_basic, chequers_ecumenical_altar_simple, uniq_robin

Skill      XL: |  1  2  3 |
---------------+----------+-----
Spellcasting   | 3 4 |  4.1
Dodging        | |  1.5
Stealth        | |  1.5
Necromancy     | |  4.9

Action                   || total
-------------------------++-------
Melee: Mace              ||    10
 Cast: Pain              ||    60
Armor: Robe              ||     5
Dodge: Dodged            ||    41

Table legend: (Time is in decaauts)
 A = Elapsed time spent in this place.
 B = Non-inter-level travel time spent in this place.
 C = Inter-level travel time spent in this place.
 D = Time resting spent in this place.
 E = Time spent auto-exploring this place.
 F = Levels seen in this place.
 G = Mean time per level.
                   A        B        C        D        E       F      G
               +--------+--------+--------+--------+--------+-----+--------+
         Total |   1497 |   1434 |     63 |      0 |   1222 |   2 |  748.5 |
       Dungeon |   1497 |   1434 |     63 |      0 |   1222 |   2 |  748.5 |
               +--------+--------+--------+--------+--------+-----+--------+

Top non-repeatable levels by time:
     D:1: 918 daAuts
     D:2: 579 daAuts
